Map: Simulacrum LE

Players

TSGCloudy

  • Race: Protoss Protoss
  • League: Master
  • Spawn Location: 5:00

DPGPartinG (PartinG) - Winner!

  • Race: Protoss Protoss
  • League: Grandmaster
  • Spawn Location: 11:00

VOD

Have the link to the VOD?

Description

Time

  • Played on: April 13, 2020, 6:38 a.m.
  • Length: 4:01
Show
View Real Time Build Order
Export as new Build Order

TSGCloudy Protoss 

Build Orders:  

Get SALT Encoding   

  12  0:01  Probe  
  13  0:13  Probe  
  14  0:17  Pylon  
  14  0:25  Probe  
  15  0:36  Gateway  
  15  0:37  Probe (Chrono Boost)  
  16  0:47  Probe (Chrono Boost)  
  17  0:51  Assimilator  
  17  0:52  Probe (Chrono Boost)  
  18  1:02  Assimilator  
  18  1:04  Probe (Chrono Boost)  
  19  1:15  Probe (Chrono Boost)  
  19  1:16  Gateway  
  20  1:20  Probe (Chrono Boost)  
  20  1:24  Cybernetics Core  
  21  1:30  Probe  
  22  1:37  Pylon  
  22  1:42  Probe  
  23  1:55  Probe  
  24  2:02  Warp Gate (Chrono Boost)  
  24  2:04  Stalker x2  
  28  2:13  Pylon  
  27  2:37  Sentry x2  
  31  2:48  Nexus  
  31  2:59  Probe  
  31  3:02  Shield Battery  
  32  3:11  Probe (Chrono Boost)  
  31  3:23  Probe (Chrono Boost)  
  32  3:31  Pylon, Probe (Chrono Boost)  
  32  3:32  Robotics Facility  
  33  3:35  Forge  
  33  3:38  Probe  
  34  3:48  Adept  
  36  3:49  Adept  
Show
View Real Time Build Order
Export as new Build Order

DPGPartinG Protoss - Winner!

Build Orders:  

Get SALT Encoding   

  12  0:00  Probe  
  13  0:12  Probe  
  14  0:17  Pylon  
  14  0:25  Probe (Chrono Boost)  
  15  0:37  Probe (Chrono Boost), Gateway  
  16  0:45  Probe (Chrono Boost)  
  16  0:46  Assimilator  
  17  0:51  Probe  
  17  0:54  Assimilator  
  18  1:03  Probe (Chrono Boost)  
  19  1:08  Gateway  
  19  1:13  Probe (Chrono Boost)  
  20  1:19  Probe  
  21  1:26  Cybernetics Core  
  21  1:32  Probe  
  22  1:34  Pylon  
  22  1:44  Probe  
  23  1:49  Pylon  
  23  2:00  Warp Gate (Chrono Boost)  
  24  2:02  Stalker  
  24  2:03  Stalker  
  28  2:12  Gateway  
  27  2:17  Probe  
  28  2:24  Shield Battery  
  28  2:32  Stalker  
  30  2:37  Stalker  
  31  2:46  Pylon  
  31  3:01  Stalker  
  31  3:27  Nexus  
  31  3:37  Stalker x2  
  31  3:38  Stalker  
Tags
 
Add a new tag
Caveats
  • Supply blocks, unpowered buildings, or Contaminate may cause inaccurate times.
  • Supply counts are checked every 10 seconds.